 Dungeon Crawl Stone Soup version 0.21.1-1-g345015fe64 (webtiles) character file.

263 Ethylacetat the Chopper (level 5, -5/43 HPs)
             Began as a Demonspawn Fighter on July 5, 2018.
             Was a Believer of Trog.
             Killed by nerve-wracking pain
             ... invoked by Grinder
              (8 damage)
             ... on level 3 of the Dungeon.
             The game lasted 00:11:06 (3014 turns).

Ethylacetat the Chopper (Demonspawn Fighter)        Turns: 3014, Time: 00:11:07

Health: -5/43      AC:  9    Str: 17    XL:     5   Next: 98%
Magic:  5/5        EV:  9    Int:  9    God:    Trog [**....]
Gold:   202        SH:  0    Dex: 13    Spells: 4/4 levels left

rFire    . . .     SeeInvis .   a - +0 war axe
rCold    . . .     Gourm    +   (no shield)
rNeg     . . .     Faith    .   b - +0 scale mail
rPois    .         Spirit   .   (helmet restricted)
rElec    .         Reflect  .   (no cloak)
rCorr    .         Harm     .   (no gloves)
MR       .....                  (no boots)
Stlth    ..........             n - amulet of the gourmand
HPRegen  0.14/turn              (no ring)
MPRegen  0.09/turn              (no ring)

@: no status effects
A: antennae 1, thin metallic scales 2, demonic guardian 1
a: Berserk, Trog's Hand, Burn Spellbooks, Renounce Religion


You were on level 3 of the Dungeon.
You worshipped Trog.
Trog was pleased with you.
You were completely stuffed.

You visited 1 branch of the dungeon, and saw 3 of its levels.

You collected 202 gold pieces.

Inventory:

Hand Weapons
 a - a +0 war axe (weapon)
 o - a +0 scythe of venom
Armour
 b - a +0 scale mail (worn)
Jewellery
 n - an amulet of the gourmand (around neck)
 t - an uncursed ring of magical power {unknown}
Scrolls
 g - a scroll of enchant weapon {unknown}
 h - 2 scrolls of teleportation {unknown}
 i - 3 scrolls of immolation {unknown}
 j - 8 scrolls of identify {unknown}
 l - 3 scrolls of remove curse {unknown}
 m - a scroll of amnesia {unknown}
 r - a scroll of fog {unknown}
Potions
 c - a potion of curing {unknown}
 d - a potion of might
 e - a potion of flight {unknown}
 k - 3 potions of heal wounds
 p - a potion of mutation {unknown}
 q - a potion of degeneration {unknown}
Comestibles
 f - 7 rations
 s - 3 chunks of flesh


   Skills:
 + Level 4.5 Fighting
 * Level 4.8 Axes
 - Level 2.6 Armour
   Level 2.6 Shields


You had 4 spell levels left.
You didn't know any spells.

Dungeon Overview and Level Annotations

Branches:
Dungeon (3/15)

Altars:
Hepliaklqana
Trog
Yredelemnul
Zin

Annotations:
D:3 Grinder


Innate Abilities, Weirdness & Mutations

You have a pair of small antennae on your head.
You are mostly covered in thin metallic scales. (AC +3)
A weak demonic guardian rushes to your aid.


Message History

You hit Grinder but do no damage.
Grinder rolls her eyes.
Grinder hits you.
You writhe in agony.
Grinder gestures at you. Pain shoots through your body!
You hit Grinder but do no damage. Grinder gestures at you.
You suddenly lose the ability to move!
Grinder hits you.
You writhe in agony.
Grinder hits you.
* * * LOW HITPOINT WARNING * * *
You writhe in agony.
* * * LOW HITPOINT WARNING * * *
Your iron imp disappears in a puff of smoke!
Grinder hits you.
* * * LOW HITPOINT WARNING * * *
You can move again.
Grinder gestures at you. Pain shoots through your body!
You die...

.?#._.'.#######..#
..#...#.##...##..##### #
#...#.#.###........# ###
#####...# #.#...## ..#
#.#.###......# #.#
####.##...##...#####. #.#
#.##.........5....... #.#
####.###########.####### #.#
#......# #@# ##.## #.##.#.#
##'## #<..# #.##.#.# ##...##
#...# #.##.#.# ##.....##
##...# #.##.#.## ##.......##
##.#.##
#.##....####.........####....#
.......(...'.........+.......#
####....####.........####....#
#.#.## ##.......## ##.#.#


You could see Grinder.

Vanquished Creatures
  Terence (D:3)
  4 adders
  A worm (D:2)
  5 dart slugs
  A leopard gecko (D:1)
  7 orcs (D:3)
  A ball python (D:3)
  A giant cockroach (D:1)
  7 goblins
  7 hobgoblins
  3 jackals (D:3)
  A quokka (D:3)
  9 bats
  2 frilled lizards
  5 kobolds
  4 rats
59 creatures vanquished.

Vanquished Creatures (collateral kills)
  Sigmund (D:2)
1 creature vanquished.

Grand Total: 60 creatures vanquished

Notes
Turn   | Place    | Note
-------+----------+-------------------------------------------
     0 | D:1      | Ethylacetat the Demonspawn Fighter began the quest for the Orb.
     0 | D:1      | Reached XP level 1. HP: 18/18 MP: 1/1
   160 | D:1      | Gained mutation: You have a pair of small antennae on your head. [demonic ancestry]
   160 | D:1      | Reached XP level 2. HP: 16/24 MP: 2/2
   594 | D:2      | Gained mutation: A weak demonic guardian rushes to your aid. [demonic ancestry]
   594 | D:2      | Reached XP level 3. HP: 24/29 MP: 3/3
   712 | D:2      | Found a faded altar of an unknown god.
   714 | D:2      | Became a worshipper of Trog the Wrathful
   714 | D:2      | Reached * piety under Trog
  1195 | D:2      | Found a basalt altar of Yredelemnul.
  1228 | D:2      | Noticed Sigmund
  1248 | D:2      | Killed Sigmund
  1248 | D:2      | Gained mutation: You are partially covered in thin metallic scales. (AC +2) [demonic ancestry]
  1248 | D:2      | Reached XP level 4. HP: 10/37 MP: 4/4
  1248 | D:2      | Gained mutation: You are mostly covered in thin metallic scales. (AC +3) [demonic ancestry]
  1248 | D:2      | Reached XP level 5. HP: 11/42 MP: 5/5
  2259 | D:3      | Found a glowing silver altar of Zin.
  2321 | D:3      | Found a hazy altar of Hepliaklqana.
  2354 | D:3      | Noticed Terence
  2362 | D:3      | Killed Terence
  2554 | D:3      | Reached ** piety under Trog
  2997 | D:3      | Noticed Grinder
  3000 | D:3      | Paralysed by Grinder for 2 turns
  3006 | D:3      | Paralysed by Grinder for 4 turns
  3009 | D:3      | HP: 2/43 [Grinder (5)]
  3014 | D:3      | Killed from afar by Grinder

Skill      XL: |  1  2  3 |
---------------+----------+-----
Axes           | 2 4 |  4.8
Fighting       | 4 |  4.5
Armour         | |  2.6
Shields        | |  2.6

Action                   |  1- 3 |  4- 6 || total
-------------------------+-------+-------++-------
Melee: War axe           |    94 |    79 ||   173
       Scythe            |       |    27 ||    27
  Use: Potion            |     1 |     1 ||     2
  Eat: Chunk             |     4 |    14 ||    18
Armor: Scale mail        |    51 |    75 ||   126
Dodge: Dodged            |    70 |    73 ||   143
